 Dungeon Crawl Stone Soup version 0.31-a0-596-g831eee08f1 (webtiles) character file.

Game seed: 14492914563492089996

1697470 motkurizz the Slayer (level 27, 238/238 HPs)
             Began as a Gnoll Wanderer on Aug 20, 2023.
             Was the Champion of Cheibriados.
             Escaped with the Orb
             ... and 3 runes on Aug 21, 2023!
             The game lasted 04:55:41 (67555 turns).

motkurizz the Slayer (Gnoll Wanderer)              Turns: 67555, Time: 04:55:41

Health: 238/238    AC: 32    Str: 24    XL:     27
Magic:  32/32      EV: 31    Int: 28    God:    Cheibriados [******]
Gold:   1689       SH: 35    Dex: 34    Spells: 12/64 levels left

rFire   + . .        a - +9 double sword (heavy)
rCold   + + .        h - +8 tower shield {reflect}
rNeg    + . .        H - +2 pearl dragon scales
rPois   .            T - +0 hat {Will+}
rElec   +            v - +1 cloak {rCorr}
rCorr   +            G - +2 pair of gloves
SInv    .            q - +1 pair of boots "Zauthid" {+Inv Slay+5}
Will    +++..        A - amulet of regeneration
Stlth   +++          c - ring of the Sun {rElec rF+ rC+ Dex-2}
HPRegen 1.39/turn    z - ring "Juodaa" {rC+ Slay+4}
MPRegen 0.23/turn

%: reflection
@: studying 6 skills, very slow
A: fangs 1, strong nose, distributed training, iridescent scales 1, clumsy 2,
low MP 3, passive freeze, screaming 1, weak 1, MP-powered wands
0: Orb of Zot
}: 3/15 runes: decaying, silver, gossamer
a: Renounce Religion, Evoke Invisibility, Bend Time, Temporal Distortion,
Slouch, Step From Time


You escaped.
You worshipped Cheibriados.
Cheibriados was exalted by your worship.
You visited 11 branches of the dungeon, and saw 50 of its levels.
You visited 3 bazaars.
You also visited: Bailey, Ice Cave and Wizlab.

You collected 7640 gold pieces.
You spent 5951 gold pieces at shops.

Inventory:

Hand Weapons
 a - a +9 heavy double sword (weapon)
 b - the +4 sling "Lont" {heavy, rPois rF+ Str+4 Stlth+}
   (You found it on level 15 of the Dungeon)

   Str+4:     It affects your strength (+4).
   rF+:       It protects you from fire.
   rPois:     It protects you from poison Stlth+: It makes you more stealthy.
 M - the +10 scimitar "Veim" {freeze, Will+ Dex+4}
   (You found it in a bailey)

   Dex+4:     It affects your dexterity (+4).
   Will+:     It increases your willpower.
Armour
 e - the +2 cloak of Ovuqad {Str+3 Dex+3}
   (You found it in a wizard's laboratory)

   Str+3:     It affects your strength (+3).
   Dex+3:     It affects your dexterity (+3).
 h - a +8 tower shield of reflection (worn)
 q - the +1 pair of boots "Zauthid" (worn) {+Inv Slay+5}
   (You found it on level 4 of the Swamp)

   Slay+5:    It affects your accuracy & damage with ranged weapons and melee
   (+5).
   +Inv:      It lets you turn invisible.
 u - a scarf of resistance
 v - a +1 cloak of preservation (worn)
 G - a +2 pair of gloves (worn)
 H - +2 pearl dragon scales (worn)
 P - the +1 cloak of Starlight {*Dazzle EV+4 Stlth--}
   (You found it in a wizard's laboratory)

   *Dazzle:   It may blind those who miss an attack against the wearer in melee
   combat.
   EV+4:      It affects your evasion (+4).
   Stlth--:   It makes you much less stealthy.
 T - a +0 hat of willpower (worn)
Jewellery
 c - the ring of the Sun (left hand) {rElec rF+ rC+ Dex-2}
   (You found it on level 2 of the Elven Halls)

   [ring of protection from cold]

   Dex-2:     It affects your dexterity (-2).
   rF+:       It protects you from fire.
   rC+:       It protects you from cold.
   rElec:     It insulates you from electricity.
 z - the ring "Juodaa" (right hand) {rC+ Slay+4}
   (You took it off a deep elf archer on level 3 of the Elven Halls)

   [ring of slaying]

   Slay+4:    It affects your accuracy & damage with ranged weapons and melee
   (+4).
   rC+:       It protects you from cold.
 A - an amulet of regeneration (around neck)
 J - a ring of see invisible
 S - a ring of protection from fire
Wands
 l - a wand of mindburst (83)
 m - a wand of charming (86)
 r - a wand of polymorph (7)
 y - a wand of roots (43)
 E - a wand of digging (26)
Scrolls
 f - 2 scrolls of amnesia
 i - 4 scrolls of immolation
 j - 9 scrolls of enchant weapon
 k - 5 scrolls of blinking
 o - 6 scrolls of butterflies
 t - 10 scrolls of poison
 x - 12 scrolls of teleportation
 C - 10 scrolls of fog
 F - 6 scrolls of fear
 I - a scroll of enchant armour
 R - 6 scrolls of vulnerability
 W - 3 scrolls of brand weapon
 X - 4 scrolls of silence
Potions
 d - 12 potions of attraction
 g - 3 potions of mutation
 n - 6 potions of magic
 p - a potion of resistance
 w - 11 potions of enlightenment
 B - 6 potions of ambrosia
 K - 6 potions of might
 N - 2 potions of cancellation
 O - 3 potions of brilliance
 Q - 25 potions of curing
 U - 6 potions of heal wounds
 Z - 6 potions of invisibility
Miscellaneous
 s - a condenser vane
 D - a phantom mirror (inert)
 L - a phial of floods
 Y - a lightning rod (4/4)


   Skills:
 + Level 24.2 Fighting
 + Level 19.0 Short Blades
 + Level 22.8 Long Blades
 + Level 19.0 Axes
 + Level 19.0 Maces & Flails
 + Level 19.4 Polearms
 + Level 19.0 Staves
 + Level 23.0 Ranged Weapons
 + Level 22.1 Throwing
 + Level 19.1 Armour
 + Level 19.0 Dodging
 + Level 23.3 Stealth
 + Level 20.5 Shields
 + Level 19.0 Unarmed Combat
 + Level 19.0 Spellcasting
 + Level 16.2 Conjurations
 + Level 16.2 Hexes
 + Level 16.2 Summonings
 + Level 16.2 Necromancy
 + Level 17.9 Translocations
 + Level 16.2 Transmutations
 + Level 16.2 Fire Magic
 + Level 16.2 Ice Magic
 + Level 16.2 Air Magic
 + Level 16.2 Earth Magic
 + Level 16.2 Poison Magic
 + Level 20.5 Invocations
 + Level 19.0 Evocations
 + Level 16.2 Shapeshifting


You had 12 spell levels left.
You knew the following spells:

 Your Spells              Type           Power      Damage    Failure   Level
a - Death Channel         Necr           43%        N/A       1%          6
b - Ignite Poison         Fire/Tmut/Pois 87%        N/A       1%          3
c - Freezing Cloud        Conj/Ice/Air   43%        6-21      1%          5
d - Dispel Undead         Necr           87%        3d28      1%          4
e - Blink                 Tloc           100%       N/A       0%          2
g - Olgreb's Toxic Radia  Pois           87%        N/A       1%          4
h - Cause Fear            Hex            43%        N/A       1%          4
i - Borgnjor's Vile Clut  Necr/Erth      43%        N/A       1%          5
j - Irradiate             Conj/Tmut      43%        3d26      1%          5
k - Starburst             Conj/Fire      43%        6d12      1%          6
m - Metabolic Englaciati  Hex/Ice        43%        N/A       1%          5
v - Vhi's Electric Charg  Tloc/Air       100%       N/A       0%          3

Your spell library contained the following spells:

 Spells                   Type           Power      Damage    Failure   Level
 Apportation              Tloc           100%       N/A       0%          1
 Foxfire                  Conj/Fire      100%       2x1d9     0%          1
 Kiss of Death            Conj/Necr      100%       2d13      0%          1
 Necrotise                Necr           100%       1d9       0%          1
 Sandblast                Erth           100%       2d20      0%          1
 Slow                     Hex            100%       N/A       0%          1
 Sting                    Tmut/Pois      100%       1d8       0%          1
 Summon Small Mammal      Summ           100%       N/A       0%          1
 Cigotuvi's Dreadful Rot  Necr/Pois/Air  100%       N/A       0%          2
 Ensorcelled Hibernation  Hex/Ice        100%       N/A       0%          2
 Lesser Beckoning         Tloc           100%       N/A       0%          2
 Momentum Strike          Conj/Tloc      100%       3d10      0%          2
 Passwall                 Tmut/Erth      72%        N/A       0%          2
 Poisonous Vapours        Pois/Air       100%       N/A       0%          2
 Scorch                   Fire           100%       2d9       0%          2
 Static Discharge         Conj/Air       100%       2-7/arc   0%          2
 Sublimation of Blood     Necr           87%        N/A       0%          2
 Wereblood                Tmut           87%        N/A       0%          2
 Gell's Gravitas          Tloc           91%        N/A       0%          3
 Portal Projectile        Hex/Tloc       100%       N/A       0%          3
 Teleport Other           Tloc           91%        N/A       0%          3
 Volatile Blastmotes      Fire/Tloc      100%       2d18      0%          3
 Call Canine Familiar     Summ           87%        N/A       1%          3
 Confusing Touch          Hex            87%        N/A       1%          3
 Dazzling Flash           Conj/Hex       100%       N/A       1%          3
 Inner Flame              Hex/Fire       87%        N/A       1%          3
 Mephitic Cloud           Conj/Pois/Air  87%        N/A       1%          3
 Ozocubu's Armour         Ice            87%        N/A       1%          3
 Stone Arrow              Conj/Erth      100%       3d13      1%          3
 Summon Guardian Golem    Hex/Summ       87%        N/A       1%          3
 Tukima's Dance           Hex            87%        N/A       1%          3
 Vampiric Draining        Necr           87%        2d12      1%          3
 Anguish                  Hex/Necr       43%        N/A       1%          4
 Animate Armour           Summ/Erth      100%       N/A       1%          4
 Animate Dead             Necr           87%        N/A       1%          4
 Flame Wave               Conj/Fire      87%        2d19      1%          4
 Fulminant Prism          Conj/Hex       43%        3d19      1%          4
 Iskenderun's Mystic Bla  Conj/Tloc      89%        2d17      1%          4
 Leda's Liquefaction      Hex/Erth       43%        N/A       1%          4
 Manifold Assault         Tloc           91%        N/A       1%          4
 Passage of Golubria      Tloc           91%        N/A       1%          4
 Sticky Flame             Conj/Fire      87%        2d10      1%          4
 Agony                    Necr           87%        N/A       1%          5
 Alistair's Intoxication  Tmut/Pois      58%        N/A       1%          5
 Arcjolt                  Conj/Air       43%        1d53      1%          5
 Fireball                 Conj/Fire      43%        3d17      1%          5
 Iskenderun's Battlesphe  Conj           87%        2d13      1%          5
 Lee's Rapid Deconstruct  Erth           43%        3d21*     1%          5
 Silence                  Hex/Air        43%        N/A       1%          5
 Summon Forest            Summ/Tloc      44%        N/A       1%          5
 Conjure Ball Lightning   Conj/Air       43%        3x3d15    1%          6
 Dispersal                Tloc           45%        N/A       1%          6
 Eringya's Noxious Bog    Tmut/Pois      43%        4d6       1%          6
 Leda's Unmaking          Conj/Erth      43%        9d7       1%          6
 Simulacrum               Ice/Necr       43%        N/A       1%          6
 Summon Cactus Giant      Summ           43%        N/A       1%          6
 Enfeeble                 Hex            43%        N/A       5%          7
 Haunt                    Necr/Summ      43%        N/A       5%          7
 Orb of Destruction       Conj           43%        9d12      5%          7
 Ozocubu's Refrigeration  Ice            43%        4d17      5%          7
 Spellforged Servitor     Conj/Summ      43%        N/A       5%          7
 Summon Hydra             Summ           43%        N/A       5%          7
 Lehudib's Crystal Spear  Conj/Erth      43%        10d11     38%         8
 Maxwell's Capacitive Co  Air            43%        ∞         38%         8
 Fire Storm               Conj/Fire      43%        8d11      100%        9
 Polar Vortex             Ice            43%        12d5*     100%        9
 Shatter                  Erth           43%        3d34*     100%        9


Dungeon Overview and Level Annotations

Branches:
Dungeon (15/15)            Temple (1/1) D:6            Lair (5/5) D:10
  Swamp (4/4) Lair:2       Spider (4/4) Lair:2        Slime (0/5) Lair:4
    Orc (2/2) D:12            Elf (3/3) Orc:2        Vaults (5/5) D:13
  Crypt (2/3) Vaults:2     Depths (4/4) D:15            Zot (5/5) Depths:4
 Bailey (visited)           IceCv (visited)          WizLab (visited)

Altars:
Ashenzari
Cheibriados
Dithmenos
Elyvilon
Fedhas
Gozag
Hepliaklqana
Kikubaaqudgha
Makhleb
Nemelex Xobeh
Okawaru
Qazlal
Ru
Sif Muna
Trog
Uskayaw
Vehumet
Wu Jian
Xom
Yredelemnul
Zin
The Shining One
Jiyva

Shops:
D:6 [(:   D:8 *[:   Orc:1 !   Orc:2 ([*=   Elf:2 [   Elf:3 [   Vaults:1 [[
Vaults:3 !

Portals:
Hell: Depths:1 Depths:2 Depths:3 Depths:4
Abyss: Depths:3 Depths:4
Pandemonium: Depths:1 Depths:2 Depths:4
Ziggurat: Depths:2

Annotations:
D:1 exclusion: downstairs
D:4 exclusion: downstairs
D:7 exclusion: 2 downstairs
Crypt:1 1 runed translucent door, Xajier's ghost, adept GrFi
Zot:4 1 runed translucent door, 2 transporters, Beuseq's ghost, master GnFi


Innate Abilities, Weirdness & Mutations

You have very sharp teeth.
Your uncanny sense of smell can sniff out nearby items.
Your experience applies equally to all skills.
You are partially covered in iridescent scales. (AC +2)
You are very clumsy. (Dex -4)
Your magical capacity is extremely low. (-30% MP)
A frigid envelope surrounds you and freezes all who hurt you.
You occasionally shout uncontrollably at your foes.
You are weak. (Str -2)
You expend magic power (3 MP) to strengthen your wands.


Message History

You block the Orb Guardian's attack. The Orb Guardian hits you!!
The Orb Guardian is very cold.
The Orb Guardian is lightly wounded.
You slash the Orb Guardian!
The Orb Guardian is moderately wounded.
You block the Orb Guardian's attack.
You closely miss the Orb Guardian.
The Orb Guardian is moderately wounded.
You block the Orb Guardian's attack. The Orb Guardian hits you.
You slice the Orb Guardian!!
The Orb Guardian is heavily wounded.
You block the Orb Guardian's attack.
You barely miss the Orb Guardian.
You bite the Orb Guardian, but do no damage.
The Orb Guardian is heavily wounded.
You block the Orb Guardian's attack. x2
You chop the Orb Guardian into pieces!!!
You kill the Orb Guardian!
Cheibriados thoroughly appreciates the change of pace.
No target in view!
What level of the Dungeon? (default 1, ? - help) Magic restored.
There is a stone staircase leading up here.
HP restored.
You climb upwards.
There is a stone staircase leading down here.
There is an open door here.
There is an open door here.
There is a stone staircase leading up here.
You climb upwards.
There is a stone staircase leading down here.
There is a stone staircase leading up here.
You climb upwards.
Level annotation: exclusion: downstairs
There is a stone staircase leading down here.
There is an open door here.
You enter the shallow water.
Moving in this stuff is going to be slow.
There is a staircase leading out of the dungeon here.
You have escaped!

##........#......................
##........##......##.....#.......
...................#.............
..#....#########.........#..#....
....##).########.....^..##.......
...####..##................###.[.
...# ##.#..####'####......###...
...# #...##≈≈~≈≈≈≈#......##..#.
...# ##...#≈#~@~#~#.........###
...# ##..#~#~###~#......#...##
...# #..#~~~~~~##...........#
...## #..#######~#...)..####.#
.#..#### #..'..#~~~##..#....# #.#
.##....###.)#.##~##~#..#....###.#
....##..##..#....##.#.###........
.....##.##..#######'#..##..###...
......#...........#....##..# #...


There were no monsters in sight!

Vanquished Creatures
  4 ancient liches
  3 dread liches (Zot:5)
  Mennas (Vaults:3)
  7 orbs of fire (Zot:5)
  Sojobo (Depths:3)
  Boris (twice) (Depths:3 Depths:4)
  Frederick (Vaults:4)
  4 Killer Klowns
  Bai Suzhen (Elf:3)
  A caustic shrike (Depths:3)
  12 golden dragons
  Jory (Depths:3)
  Arachne (Spider:2)
  A Brimstone Fiend (D:15)
  2 electric golems
  20 tentacled monstrosities
  A Hell Sentinel (Zot:5)
  2 pandemonium lords
  Mlioglotl (Spider:2)
  4 liches
  Asterion (Depths:2)
  The ghost of Asunaom the Warrior, an adept HOFi of Beogh (Vaults:3)
  An Ice Fiend (Zot:5)
  24 Orb Guardians
  7 titans
  2 tentacled starspawn (WizLab)
  An Executioner (Zot:5)
  3 deep elf master archers (Elf:3)
  8 sphinxes
  6 death cobs
  3 thorn hunters (Swamp:4)
  11 tengu reavers
  Kirke (Swamp:2)
  2 revenants
  A daeva (Depths:2)
  15 shadow dragons
  13 storm dragons
  5 draconian knights
  Roxanne (Elf:3)
  6 draconian monks
  Aizul (Swamp:2)
  9 fire giants
  5 iron dragons
  5 emperor scorpions (Spider:4)
  15 vault wardens
  6 draconian scorchers
  9 frost giants
  7 deep elf sorcerers
  4 ghost moths
  7 deep elf elementalists (Elf:3)
  4 draconian shifters
  Louise (D:15)
  3 ghouls (Crypt:1)
  A curse skull (Crypt:2)
  A balrug (Zot:5)
  An angel (Depths:2)
  A reaper (Crypt:2)
  2 juggernaut zombies
  4 orc warlords
  3 formless jellyfish
  3 spriggan defenders
  25 ironbound preservers
  4 war gargoyles
  9 very ugly things
  A draconian annihilator (Zot:2)
  6 broodmothers
  A cacodemon (D:13)
  9 ironbound thunderhulks
  A juggernaut skeleton (Depths:1)
  8 eleionomae
  3 lorocyprocas
  11 red draconians
  11 stone giants
  9 vampire knights
  2 bunyips (Swamp:4)
  8 deep elf demonologists
  10 black draconians
  6 green draconians
  6 deep elf annihilators
  15 purple draconians
  5 spark wasps
  24 dire elephants
  7 white draconians
  12 yellow draconians
  Snorg (Lair:5)
  22 ettins
  A blizzard demon (WizLab)
  5 deep elf death magi
  5 shambling mangroves
  11 fire dragons
  A crystal guardian (Vaults:3)
  The ghost of Yorgos the Martial Artist, a journeyman GnSh of Qazlal (D:12)
  5 deep elf high priests
  2 merfolk javelineers
  Josephine (D:13)
  5 jiangshi
  8 entropy weavers
  16 yaktaur captains
  7 great orbs of eyes
  2 rakshasas
  14 hydras
  6 spriggan air magi
  6 ice dragons
  Fannar (Lair:1)
  4 ogre magi
  2 peacekeepers (Vaults:3)
  37 vault guards
  4 catoblepae
  A caustic shrike simulacrum (Crypt:2)
  3 ironbound frosthearts
  2 hell beasts
  11 jorogumos
  3 ghost crabs
  6 radroaches
  7 centaur warriors
  A fenstrider witch skeleton (Crypt:2)
  12 alligators
  14 two-headed ogres
  A sphinx zombie (Depths:1)
  A bennu zombie (Crypt:2)
  An Orb Guardian skeleton (Crypt:2)
  11 boulder beetles
  24 dancing weapons
  Erica (D:11)
  2 death knights
  8 demonic crawlers
  7 deep troll shamans
  5 vampire magi
  10 tengu warriors
  6 spriggan berserkers
  8 deep troll earth magi
  4 orc high priests
  A shock serpent (shapeshifter) (Vaults:5)
  3 sun demons
  18 deep elf knights
  A soul eater (Crypt:2)
  5 hell knights
  2 thrashing horrors (WizLab)
  A skyshark (Lair:4)
  6 shadow wraiths
  A fire crab (shapeshifter) (Vaults:5)
  5 pharaoh ants
  A spark wasp zombie (Depths:2)
  2 iron trolls (Depths:1)
  3 goliath frogs
  9 skeletal warriors
  15 orb spiders
  An obsidian statue (WizLab)
  5 glowing orange brains
  3 sixfirhies
  A sea snake (shapeshifter) (Vaults:5)
  4 spriggan druids
  4 flayed ghosts
  A death drake (shapeshifter) (Vaults:5)
  4 bog bodies
  2 shadow demons
  22 ironbound convokers
  3 spectral hydras (Swamp:4)
  56 deep trolls
  2 golden dragon skeletons
  9 swamp dragons
  An anaconda skeleton (WizLab)
  17 deep elf archers
  2 tengu zombies (Depths:1)
  2 harpies (shapeshifter)
  12 necromancers
  3 starcursed masses (WizLab)
  13 orc knights
  16 phantasmal warriors
  6 steelbarb worms
  7 wizards
  5 harpies (Vaults:4)
  3 lindwurms
  20 wolf spiders
  A mana viper (shapeshifter) (Depths:2)
  22 deep elf pyromancers
  21 deep elf zephyrmancers
  2 fire giant zombies
  7 orc sorcerers
  A stone giant zombie (Crypt:1)
  6 cyclopes
  A moth of wrath (shapeshifter) (Elf:2)
  3 worldbinders (WizLab)
  3 manticores
  Joseph (D:9)
  29 moths of wrath
  3 oklob plants (Swamp:4)
  18 ugly things
  2 will-o-the-wisps
  5 elephants (Lair:4)
  2 black mambas (shapeshifter)
  17 vault sentinels
  A guardian serpent (WizLab)
  A stone giant skeleton (Crypt:1)
  2 ice statues (IceCv)
  An elephant (shapeshifter) (D:12)
  3 smoke demons
  2 rust devils
  2 molten gargoyles (Lair:5)
  3 black mambas (Lair:5)
  11 cane toads
  A dire elephant skeleton (Crypt:1)
  3 unseen horrors
  2 gargoyles
  4 orange demons
  2 hellions
  A spriggan zombie (Depths:1)
  7 torpor snails
  13 komodo dragons
  22 yaktaurs
  A grey draconian skeleton (Crypt:1)
  2 rime drakes (Lair:4)
  9 ice devils
  3 tengu conjurers
  4 anaconda simulacra
  8 freezing wraiths
  A troll (shapeshifter) (D:14)
  A harpy zombie (Crypt:1)
  10 trolls
  11 tyrant leeches
  2 bloated husks
  A death drake zombie (Swamp:4)
  A meliai (shapeshifter) (Vaults:5)
  A polar bear (Lair:2)
  4 hydra zombies (Swamp:4)
  A merfolk (shapeshifter) (Vaults:5)
  14 hornets
  6 meliai
  A hellwing (D:11)
  26 blink frogs
  A raiju (WizLab)
  27 tarantellas
  34 jumping spiders
  28 slime creatures
  A centaur simulacrum (D:12)
  A spriggan (shapeshifter) (D:14)
  30 culicivoras
  A satyr skeleton (Crypt:2)
  9 wraiths
  4 shadows
  4 dire elephant simulacra
  13 spriggans
  25 water elementals
  A hog (shapeshifter) (D:14)
  2 air elementals (Elf:2)
  8 wyverns
  2 hogs (Swamp:2)
  A death yak simulacrum (IceCv)
  A golden eye (shapeshifter) (D:15)
  60 yaks
  3 chaos spawn
  3 humans
  Eustachio (D:5)
  Grum (D:8)
  3 steam dragons
  13 basilisks
  2 fire elementals (Elf:2)
  72 redbacks
  19 vampire mosquitoes
  5 large abominations
  5 wargs
  12 swamp worms
  2 neqoxecs
  3 harpy simulacra (IceCv)
  9 spatial vortices (WizLab)
  5 hell hounds
  A water nymph zombie (Crypt:2)
  A glowing shapeshifter zombie (Vaults:3)
  2 acid dragons
  9 water moccasins
  A naga skeleton (Crypt:1)
  7 swamp drakes (Swamp:4)
  2 glowing shapeshifter skeletons
  A floating eye (Depths:2)
  4 hydra simulacra
  55 orc warriors
  An ice beast (shapeshifter) (D:12)
  A sky beast (D:7)
  An ettin simulacrum (Depths:1)
  2 black bears
  A black mamba simulacrum (Crypt:1)
  8 ogres
  2 swamp dragon zombies (Swamp:4)
  14 wolves
  9 boggarts
  16 centaurs
  A boggart (shapeshifter) (Vaults:5)
  A rime drake zombie (Crypt:1)
  A hog zombie (Crypt:1)
  3 swamp dragon skeletons (Swamp:4)
  2 kobold brigands
  A draconian zombie (Crypt:1)
  2 elf zombies (Elf:1)
  5 bullfrogs
  4 earth elementals (Elf:1)
  A gnoll sergeant (D:11)
  A glowing shapeshifter simulacrum (Vaults:3)
  A two-headed ogre simulacrum (IceCv)
  A necrophage (Crypt:1)
  2 scorpions (D:6)
  10 wights
  5 killer bees (D:10)
  An electric eel (D:10)
  A jelly (D:7)
  2 howler monkeys
  A troll skeleton (Crypt:2)
  5 lava snakes (Lair:5)
  A crimson imp (WizLab)
  2 hounds
  A gnoll bouda (D:9)
  32 orc priests
  3 iguanas
  30 orc wizards
  3 sleepcaps
  A spriggan simulacrum (IceCv)
  A deep dwarf zombie (Crypt:2)
  2 acid dragon zombies
  A hound skeleton (Crypt:2)
  6 gnolls
  8 adders
  2 swamp drake skeletons (Crypt:2)
  A white imp (IceCv)
  An ufetubus (D:6)
  An adder zombie (Crypt:2)
  A worm (D:2)
  5 dart slugs
  89 orcs
  6 ball pythons
  4 bats
  A bat skeleton (Crypt:1)
  6 endoplasms
  2 giant cockroaches
  13 goblins
  6 hobgoblins
  2 jackals (D:2)
  A quokka (D:1)
  3 training dummies (Elf:3)
  3 frilled lizards
  A goblin zombie (Crypt:1)
  16 kobolds
  A kobold skeleton (Crypt:1)
  6 rats
2274 creatures vanquished.

Vanquished Creatures (collateral kills)
  An orb of fire (Zot:5)
  An electric golem (Zot:5)
  3 Orb Guardians (Zot:5)
  A draconian monk (Zot:2)
  A draconian annihilator (Zot:2)
  A white draconian (Zot:2)
  A spriggan druid (Swamp:4)
  3 moths of wrath
  A hydra skeleton (Swamp:4)
  2 yaks (D:8)
15 creatures vanquished.

Vanquished Creatures (others)
  A golden dragon (Zot:2)
  An eldritch tentacle (WizLab)
  An eleionoma (Swamp:1)
  A white draconian (Zot:5)
  A deep elf zephyrmancer (Elf:1)
  A smoke demon (D:13)
  A bloated husk (Swamp:2)
  A water elemental (Depths:4)
  A small abomination (D:13)
  A human (D:3)
  A shadow imp (D:8)
  6 foxfires
  5 starspawn tentacles (WizLab)
22 creatures vanquished.

Grand Total: 2311 creatures vanquished

Notes
Turn   | Place    | Note
-------+----------+-------------------------------------------
     0 | D:1      | motkurizz the Gnoll Wanderer began the quest for the Orb.
     0 | D:1      | motkurizz set off with the following items: a +0 long
                  | sword, a +0 spear, a +0 buckler, a potion of attraction, a
                  | +0 robe.
     0 | D:1      | Reached XP level 1. HP: 13/13 MP: 1/1
   148 | D:1      | Reached XP level 2. HP: 17/19 MP: 2/2
   730 | D:1      | Reached XP level 3. HP: 18/25 MP: 3/3
  1212 | D:2      | Reached skill level 1 in Invocations
  1348 | D:2      | Found a faded altar of an unknown god.
  1417 | D:2      | Reached skill level 1 in Fighting
  1417 | D:2      | Reached skill level 1 in Short Blades
  1417 | D:2      | Reached skill level 1 in Axes
  1417 | D:2      | Reached skill level 1 in Maces & Flails
  1417 | D:2      | Reached skill level 1 in Staves
  1417 | D:2      | Reached skill level 1 in Ranged Weapons
  1417 | D:2      | Reached skill level 1 in Throwing
  1417 | D:2      | Reached skill level 1 in Dodging
  1417 | D:2      | Reached skill level 1 in Stealth
  1417 | D:2      | Reached skill level 1 in Unarmed Combat
  1417 | D:2      | Reached skill level 1 in Spellcasting
  1417 | D:2      | Reached skill level 1 in Evocations
  1795 | D:3      | Reached XP level 4. HP: 32/32 MP: 5/5
  2181 | D:3      | Found an ancient bone altar of Kikubaaqudgha.
  2182 | D:3      | Noticed a human
  2185 | D:3      | Killed a human
  2298 | D:3      | Reached skill level 1 in Conjurations
  2298 | D:3      | Reached skill level 1 in Hexes
  2298 | D:3      | Reached skill level 1 in Summonings
  2298 | D:3      | Reached skill level 1 in Necromancy
  2298 | D:3      | Reached skill level 1 in Translocations
  2298 | D:3      | Reached skill level 1 in Transmutations
  2298 | D:3      | Reached skill level 1 in Fire Magic
  2298 | D:3      | Reached skill level 1 in Ice Magic
  2298 | D:3      | Reached skill level 1 in Air Magic
  2298 | D:3      | Reached skill level 1 in Earth Magic
  2298 | D:3      | Reached skill level 1 in Poison Magic
  2298 | D:3      | Reached skill level 1 in Shapeshifting
  2688 | D:4      | Reached XP level 5. HP: 29/37 MP: 5/7
  2903 | D:4      | Noticed a black bear
  3081 | D:4      | Killed a black bear
  3082 | D:4      | Reached XP level 6. HP: 41/44 MP: 8/8
  3125 | D:4      | Found a basalt altar of Yredelemnul.
  3322 | D:4      | Found a blossoming altar of Fedhas.
  3582 | D:5      | Entered Level 5 of the Dungeon
  3609 | D:5      | Noticed a water moccasin
  3709 | D:4      | Reached skill level 2 in Fighting
  3709 | D:4      | Reached skill level 5 in Polearms
  3780 | D:5      | Noticed a water moccasin
  3793 | D:5      | Killed a water moccasin
  3794 | D:5      | Reached XP level 7. HP: 25/50 MP: 4/10
  3988 | D:6      | Found Koesu's Weapon Shoppe.
  4393 | D:6      | Found a shimmering altar of Xom.
  4488 | D:6      | Noticed a yak
  4488 | D:6      | Noticed a yak
  4498 | D:6      | Noticed a yak
  4597 | D:6      | Found a staircase to the Ecumenical Temple.
  4604 | Temple   | Entered the Ecumenical Temple
  4630 | Temple   | Became a worshipper of Cheibriados the Contemplative
  4766 | D:6      | Found Myriamet's Antique Armour Shoppe.
  4861 | D:6      | Found Puhudusa's Book Boutique.
  4923 | D:6      | Reached skill level 3 in Fighting
  4923 | D:6      | Reached XP level 8. HP: 52/58 MP: 12/12
  4984 | D:6      | Killed a yak
  4997 | D:6      | Killed a yak
  5007 | D:6      | Killed a yak
  5389 | D:7      | Identified the +3 trident of Duxuen {freeze, *Rage rCorr
                  | Str+5 Stlth+}
  5601 | D:7      | Identified the +5 falchion "Fiopri Jyro" {freeze, rElec
                  | Str+3 Dex-3 Stlth+}
  5765 | D:7      | Reached XP level 9. HP: 65/65 MP: 14/14
  6413 | D:8      | Noticed Grum
  6425 | D:7      | Reached skill level 4 in Fighting
  6705 | D:6      | Bought a book of Vapours for 286 gold pieces
  6708 | D:6      | Learned a level 2 spell: Poisonous Vapours
  6869 | D:5      | Noticed Eustachio
  6898 | D:5      | Killed Eustachio
  6898 | D:5      | Reached * piety under Cheibriados
  6899 | D:5      | Reached skill level 5 in Armour
  7504 | D:8      | Learned a level 3 spell: Mephitic Cloud
  7547 | D:8      | Noticed a hornet
  7602 | D:8      | Killed a hornet
  7603 | D:8      | Reached skill level 5 in Invocations
  7616 | D:8      | Killed Grum
  7712 | D:8      | Found Gemiriq's Armour Shoppe.
  7728 | D:8      | Found Lonit's Assorted Antiques.
  7804 | D:8      | Reached XP level 10. HP: 70/73 MP: 17/17
  8074 | D:8      | Found a bloodstained altar of Trog.
  8118 | D:8      | Reached skill level 5 in Fighting
  8118 | D:8      | Reached skill level 5 in Short Blades
  8118 | D:8      | Reached skill level 5 in Axes
  8118 | D:8      | Reached skill level 5 in Maces & Flails
  8118 | D:8      | Reached skill level 5 in Staves
  8118 | D:8      | Reached skill level 5 in Ranged Weapons
  8118 | D:8      | Reached skill level 5 in Throwing
  8118 | D:8      | Reached skill level 5 in Dodging
  8118 | D:8      | Reached skill level 5 in Stealth
  8118 | D:8      | Reached skill level 5 in Unarmed Combat
  8118 | D:8      | Reached skill level 5 in Spellcasting
  8118 | D:8      | Reached skill level 5 in Evocations
  8176 | D:8      | Was placed under penance by Cheibriados
  8179 | D:8      | Reached skill level 10 in Shields
  8181 | D:8      | Was forgiven by Cheibriados
  8202 | D:8      | Found Waczig's Self-Improvement Boutique.
  8574 | D:9      | Found a flagged portal.
  8583 | D:9      | Reached ** piety under Cheibriados
  8613 | Bailey   | Entered a bailey
  8672 | Bailey   | Noticed an orc knight
  8689 | Bailey   | Killed an orc knight
  8870 | Bailey   | Found a large runed translucent door.
  8870 | Bailey   | Found a large runed translucent door.
  8871 | Bailey   | Noticed a deep elf zephyrmancer
  8929 | Bailey   | Killed a deep elf zephyrmancer
  8939 | Bailey   | Identified the +10 scimitar "Veim" {freeze, Will+ Dex+4}
  9235 | D:9      | Noticed Joseph
  9273 | D:9      | Killed Joseph
  9274 | D:9      | Reached XP level 11. HP: 81/81 MP: 19/19
  9349 | D:9      | Reached skill level 6 in Fighting
  9375 | D:9      | Found a broken altar of Ashenzari.
  9380 | D:9      | Reached skill level 5 in Conjurations
  9380 | D:9      | Reached skill level 5 in Hexes
  9380 | D:9      | Reached skill level 5 in Summonings
  9380 | D:9      | Reached skill level 5 in Necromancy
  9380 | D:9      | Reached skill level 5 in Translocations
  9380 | D:9      | Reached skill level 5 in Transmutations
  9380 | D:9      | Reached skill level 5 in Fire Magic
  9380 | D:9      | Reached skill level 5 in Ice Magic
  9380 | D:9      | Reached skill level 5 in Air Magic
  9380 | D:9      | Reached skill level 5 in Earth Magic
  9380 | D:9      | Reached skill level 5 in Poison Magic
  9380 | D:9      | Reached skill level 5 in Shapeshifting
  9386 | D:9      | Found a shimmering blue altar of Sif Muna.
  9389 | D:9      | Found a hide-covered altar of Uskayaw.
  9392 | D:9      | Found a sparkling altar of Nemelex Xobeh.
  9678 | D:9      | Noticed a two-headed ogre
  9686 | D:9      | Killed a two-headed ogre
  9747 | D:9      | Reached *** piety under Cheibriados
  9960 | D:10     | Entered Level 10 of the Dungeon
 10086 | D:10     | Noticed a two-headed ogre
 10116 | D:10     | Killed a two-headed ogre
 10505 | D:10     | Noticed a two-headed ogre
 10520 | D:10     | Killed a two-headed ogre
 10714 | D:10     | Found a staircase to the Lair.
 10816 | D:10     | Reached **** piety under Cheibriados
 10999 | D:10     | Found a sacrificial altar of Ru.
 10999 | D:10     | Found an iron altar of Okawaru.
 11108 | D:10     | Found a glowing golden altar of the Shining One.
 11208 | Lair:1   | Entered Level 1 of the Lair of Beasts
 11487 | Lair:1   | Found a hide-covered altar of Uskayaw.
 11570 | Lair:1   | Reached skill level 7 in Fighting
 11570 | Lair:1   | Reached XP level 12. HP: 86/91 MP: 22/22
 11592 | Lair:1   | Noticed a catoblepas
 11598 | Lair:1   | Learned a level 5 spell: Freezing Cloud
 11607 | Lair:1   | Killed a catoblepas
 11727 | Lair:1   | Noticed Fannar
 11739 | Lair:1   | Killed Fannar
 12069 | Lair:2   | Reached ***** piety under Cheibriados
 12160 | Lair:2   | Found a hole to the Spider Nest.
 12168 | Lair:2   | Reached skill level 10 in Long Blades
 12436 | Lair:2   | Noticed a five-headed hydra
 12447 | Lair:2   | Killed a six-headed hydra
 12736 | Lair:2   | Found a staircase to the Swamp.
 12736 | Lair:2   | Noticed an eleionoma
 12800 | Lair:2   | Noticed a catoblepas
 12808 | Lair:2   | Killed a catoblepas
 12944 | Lair:3   | Found a frozen archway.
 12957 | IceCv    | Entered an ice cave
 12970 | IceCv    | Learned a level 3 spell: Inner Flame
 13158 | IceCv    | Reached skill level 8 in Fighting
 13158 | IceCv    | Reached XP level 13. HP: 58/98 MP: 23/25
 13699 | IceCv    | Noticed a reaper
 13805 | Lair:3   | Reached ****** piety under Cheibriados
 13976 | Lair:3   | Found an ancient bone altar of Kikubaaqudgha.
 14883 | Lair:4   | Reached skill level 10 in Polearms
 14957 | Lair:4   | Found a viscous altar of Jiyva.
 14957 | Lair:4   | Found a staircase to the Slime Pits.
 15406 | Lair:5   | Entered Level 5 of the Lair of Beasts
 15517 | Lair:5   | Reached XP level 14. HP: 106/106 MP: 26/26
 15522 | Lair:5   | Identified the +7 trident of the Lurker {vamp, rPois Str+2}
 15587 | Lair:5   | Reached skill level 9 in Fighting
 15622 | Lair:5   | Noticed Snorg
 15630 | Lair:5   | Killed Snorg
 15798 | Lair:5   | Reached skill level 10 in Invocations
 15929 | Lair:5   | Found a large runed translucent door.
 15930 | Lair:5   | Found a large runed translucent door.
 16647 | Lair:5   | Learned a level 4 spell: Dispel Undead
 16972 | D:6      | Bought a Young Poisoner's Handbook for 220 gold pieces
 16977 | D:6      | Learned a level 4 spell: Olgreb's Toxic Radiance
 17151 | D:11     | Noticed Erica
 17161 | D:11     | Killed Erica
 17262 | D:11     | Found an iron altar of Okawaru.
 17909 | D:12     | Reached skill level 10 in Armour
 18006 | D:12     | Found a radiant altar of Vehumet.
 18381 | D:12     | Found a staircase to the Orcish Mines.
 18837 | D:12     | Found a runed translucent door.
 18839 | D:12     | Noticed Yorgos's ghost (journeyman GnSh)
 18860 | D:12     | Killed Yorgos's ghost
 18861 | D:12     | Reached XP level 15. HP: 115/115 MP: 28/28
 18970 | Orc:1    | Entered Level 1 of the Orcish Mines
 18970 | Orc:1    | Found Xonuxizi's Distillery.
 19680 | Orc:2    | Entered Level 2 of the Orcish Mines
 20049 | Orc:1    | Reached skill level 10 in Fighting
 20049 | Orc:1    | Reached skill level 10 in Short Blades
 20049 | Orc:1    | Reached skill level 10 in Axes
 20049 | Orc:1    | Reached skill level 10 in Maces & Flails
 20049 | Orc:1    | Reached skill level 10 in Staves
 20049 | Orc:1    | Reached skill level 10 in Ranged Weapons
 20049 | Orc:1    | Reached skill level 10 in Throwing
 20049 | Orc:1    | Reached skill level 10 in Dodging
 20049 | Orc:1    | Reached skill level 10 in Stealth
 20049 | Orc:1    | Reached skill level 10 in Unarmed Combat
 20049 | Orc:1    | Reached skill level 10 in Spellcasting
 20049 | Orc:1    | Reached skill level 10 in Evocations
 20142 | Orc:2    | Found a staircase to the Elven Halls.
 20268 | Orc:2    | Gained mutation: You are dopey. (Int -2) [a neqoxec]
 20511 | Orc:2    | Noticed an orc warlord
 20526 | Orc:2    | Killed an orc warlord
 20874 | Orc:2    | Found Kistricro's General Store.
 20875 | Orc:2    | Found Otzumoti's Jewellery Emporium.
 20877 | Orc:2    | Found Koik's Antique Armour Shoppe.
 20877 | Orc:2    | Found Vapibeor's Antique Weapon Shoppe.
 20882 | Orc:2    | Bought a scroll of identify for 30 gold pieces
 20882 | Orc:2    | Bought a scroll of identify for 30 gold pieces
 20884 | Orc:2    | Bought a scroll of fear for 60 gold pieces
 20897 | Orc:2    | Bought a glowing scarf for 272 gold pieces
 20899 | Orc:2    | Bought an embroidered cloak for 255 gold pieces
 21148 | D:8      | Bought a manual of Fighting for 1120 gold pieces
 21540 | D:13     | You fall into a shaft and drop 1 floor!
 21570 | D:13     | Noticed an orc warlord
 21633 | D:13     | Noticed Josephine
 21640 | D:13     | Killed an orc warlord
 21650 | D:13     | Killed Josephine
 22685 | D:13     | Found a gate to the Vaults.
 23171 | Spider:1 | Entered Level 1 of the Spider Nest
 23218 | Spider:1 | Reached skill level 11 in Fighting
 23640 | Spider:1 | Reached XP level 16. HP: 91/125 MP: 19/30
 24788 | Spider:2 | Noticed Arachne
 24844 | Spider:2 | Noticed Mlioglotl
 25026 | Spider:2 | Killed Mlioglotl
 25114 | Spider:2 | Reached skill level 12 in Fighting
 25650 | Spider:2 | Killed Arachne
 26250 | Spider:3 | Reached XP level 17. HP: 134/135 MP: 21/32
 26738 | Spider:3 | Reached skill level 13 in Fighting
 26910 | Spider:4 | Entered Level 4 of the Spider Nest
 27182 | Spider:4 | Reached skill level 10 in Conjurations
 27182 | Spider:4 | Reached skill level 10 in Hexes
 27182 | Spider:4 | Reached skill level 10 in Summonings
 27182 | Spider:4 | Reached skill level 10 in Necromancy
 27182 | Spider:4 | Reached skill level 10 in Translocations
 27182 | Spider:4 | Reached skill level 10 in Transmutations
 27182 | Spider:4 | Reached skill level 10 in Fire Magic
 27182 | Spider:4 | Reached skill level 10 in Ice Magic
 27182 | Spider:4 | Reached skill level 10 in Air Magic
 27182 | Spider:4 | Reached skill level 10 in Earth Magic
 27182 | Spider:4 | Reached skill level 10 in Poison Magic
 27182 | Spider:4 | Reached skill level 10 in Shapeshifting
 27933 | Spider:4 | Paralysed by a jorogumo for 3 turns
 28306 | Spider:4 | Paralysed by a jorogumo for 1 turns
 28691 | Spider:4 | Reached skill level 14 in Fighting
 28691 | Spider:4 | Reached XP level 18. HP: 144/146 MP: 3/34
 28860 | Spider:4 | Got a gossamer rune of Zot
 29299 | Swamp:1  | Entered Level 1 of the Swamp
 30381 | Swamp:2  | Noticed Kirke
 30387 | Swamp:2  | Killed Kirke
 30418 | Swamp:2  | Noticed Aizul
 30436 | Swamp:2  | Killed Aizul
 30890 | Swamp:3  | Reached skill level 15 in Shields
 31031 | Swamp:3  | Learned a level 2 spell: Blink
 31034 | Swamp:3  | Learned a level 2 spell: Momentum Strike
 31524 | Swamp:4  | Entered Level 4 of the Swamp
 31900 | Swamp:4  | Reached skill level 15 in Fighting
 32089 | Swamp:4  | Identified the +1 pair of boots "Zauthid" {+Inv Slay+5}
 32543 | Swamp:4  | Reached XP level 19. HP: 155/155 MP: 36/36
 32685 | Swamp:4  | Found a basalt altar of Yredelemnul.
 32700 | Swamp:4  | Got a decaying rune of Zot
 32725 | Swamp:4  | Found a blossoming altar of Fedhas.
 33344 | D:14     | Found a glowing silver altar of Zin.
 33597 | D:15     | Entered Level 15 of the Dungeon
 33768 | D:15     | Noticed Louise
 33780 | D:15     | Killed Louise
 34212 | D:8      | Bought a manual of Ranged Weapons for 1120 gold pieces
 34536 | D:15     | Found a staircase to the Depths.
 34743 | D:15     | Identified the +4 sling "Lont" {heavy, rPois rF+ Str+4
                  | Stlth+}
 34918 | Vaults:1 | Entered Level 1 of the Vaults
 34958 | Vaults:1 | Found Puwud's Armour Emporium.
 35144 | Vaults:1 | Reached skill level 16 in Fighting
 35148 | Vaults:1 | Paralysed by a sphinx for 5 turns
 35298 | Vaults:1 | Reached skill level 15 in Long Blades
 35457 | Vaults:1 | Reached XP level 20. HP: 141/165 MP: 37/37
 35606 | Vaults:1 | Found Orphi's Armour Emporium.
 35831 | Vaults:1 | Reached skill level 15 in Invocations
 35954 | Vaults:1 | Reached skill level 15 in Stealth
 36361 | Vaults:2 | Found a gateway to a bazaar.
 36409 | Bazaar   | Entered a bazaar
 36445 | Bazaar   | Found Yplinin's Magic Scroll Shop.
 36456 | Bazaar   | Found Luent's Distillery.
 36476 | Bazaar   | Found Waameis's Distillery.
 36496 | Bazaar   | Found Bigeer's Magic Scroll Shop.
 36501 | Bazaar   | Bought a scroll of enchant armour for 52 gold pieces
 36529 | Bazaar   | Bought a scroll of blinking for 127 gold pieces
 36589 | Bazaar   | Bought a scroll of enchant armour for 127 gold pieces
 36605 | Bazaar   | Bought a potion of heal wounds for 70 gold pieces
 36605 | Bazaar   | Bought a potion of curing for 42 gold pieces
 36627 | Bazaar   | Bought a potion of heal wounds for 85 gold pieces
 37413 | Vaults:2 | Identified the ring "Riwkenn" {MP+9 AC+4}
 37439 | Vaults:2 | Reached skill level 17 in Fighting
 37555 | Vaults:2 | Identified the +5 dagger "Taohoor" {flame, Str+2 Dex+6}
 37563 | Vaults:2 | Identified the +2 leather armour "Meekank" {Drain rElec rF+
                  | rCorr}
 37688 | Vaults:2 | Reached skill level 15 in Ranged Weapons
 37951 | Vaults:2 | Identified the +3 buckler of Hairiness {Int+4 SInv}
 38013 | Vaults:2 | Found a staircase to the Crypt.
 38013 | Vaults:2 | Found a basalt altar of Yredelemnul.
 38013 | Vaults:2 | Found an ancient bone altar of Kikubaaqudgha.
 38228 | Vaults:3 | Noticed Mennas
 38254 | Vaults:3 | Killed Mennas
 38258 | Vaults:3 | Reached skill level 15 in Polearms
 38283 | Vaults:3 | Reached XP level 21. HP: 151/174 MP: 39/39
 38509 | Vaults:3 | Found Rud Kaynk's Distillery.
 39006 | Vaults:3 | Noticed Asunaom's ghost (adept HOFi)
 39007 | Vaults:3 | Found a transporter.
 39314 | Vaults:4 | Found a flickering gateway to a bazaar.
 39354 | Bazaar   | Entered a bazaar
 39354 | Bazaar   | Found Nofulejo's Distillery.
 39370 | Bazaar   | Found Upratergh's Antique Weapon Shop.
 39379 | Bazaar   | Found Fonkeam's Weapon Emporium.
 39391 | Bazaar   | Found Dame's Book Boutique.
 39433 | Bazaar   | Bought a potion of curing for 45 gold pieces
 39433 | Bazaar   | Bought 2 potions of curing for 90 gold pieces
 39433 | Bazaar   | Bought a potion of resistance for 150 gold pieces
 39433 | Bazaar   | Bought a potion of resistance for 150 gold pieces
 39433 | Bazaar   | Bought a potion of invisibility for 120 gold pieces
 39433 | Bazaar   | Bought a potion of magic for 120 gold pieces
 39975 | Vaults:4 | Reached skill level 18 in Fighting
 40064 | Vaults:4 | Noticed Frederick
 40075 | Vaults:4 | Killed Frederick
 40076 | Vaults:4 | Reached skill level 15 in Armour
 40419 | Vaults:4 | Identified the +9 halberd of Pestilence {vamp, Int+2}
 40464 | Vaults:4 | Identified the +1 leather armour of Zeeki {Harm +Blink rF-
                  | Dex-2}
 40792 | Depths:1 | Entered Level 1 of the Depths
 40794 | Depths:1 | Found a shadowy altar of Dithmenos.
 41309 | D:8      | Bought a +2 ring mail of cold resistance for 231 gold
                  | pieces
 41909 | Vaults:3 | Found a transporter.
 41914 | Vaults:3 | Reached skill level 15 in Throwing
 41947 | Vaults:3 | Killed Asunaom's ghost
 41948 | Vaults:3 | Reached skill level 15 in Short Blades
 41948 | Vaults:3 | Reached skill level 15 in Axes
 41948 | Vaults:3 | Reached skill level 15 in Maces & Flails
 41948 | Vaults:3 | Reached skill level 15 in Staves
 41948 | Vaults:3 | Reached skill level 15 in Dodging
 41948 | Vaults:3 | Reached skill level 15 in Unarmed Combat
 41948 | Vaults:3 | Reached skill level 15 in Spellcasting
 41948 | Vaults:3 | Reached skill level 15 in Evocations
 42344 | Orc:2    | Bought a glowing helmet for 255 gold pieces
 42615 | Depths:1 | Found a gateway to Hell.
 42701 | Depths:1 | Reached XP level 22. HP: 185/185 MP: 41/41
 42877 | Depths:1 | Found a one-way gate leading to the halls of Pandemonium.
 43494 | Depths:2 | Found a sacrificial altar of Ru.
 43611 | Depths:2 | Found a flickering gateway to a bazaar.
 43642 | Bazaar   | Entered a bazaar
 43642 | Bazaar   | Found Yniydgh's Antique Armour Boutique.
 43642 | Bazaar   | Found Bofaser's General Store.
 43660 | Bazaar   | Found Ukoupouxky's Antique Weapon Emporium.
 43679 | Bazaar   | Found Gacroelo's Jewellery Shop.
 43690 | Bazaar   | Found Pesolarchi's Distillery.
 44064 | Depths:2 | Found a one-way gateway to a ziggurat.
 44067 | Depths:2 | Paralysed by a floating eye for 2 turns
 44203 | Depths:2 | Identified the ring "Ekkeikut" {rN+ rCorr Stlth+}
 44225 | Depths:2 | Identified the ring of Birdsong {rF+ rC+ Dex+6}
 44236 | Depths:2 | Noticed Asterion
 44247 | Depths:2 | Killed Asterion
 44248 | Depths:2 | Reached skill level 19 in Fighting
 44766 | Depths:3 | Noticed Boris
 44777 | Depths:3 | Killed Boris
 44841 | Depths:3 | Identified the +6 arbalest of the Hated {freeze, rN+++
                  | Str-3}
 45084 | Depths:3 | Noticed Sojobo
 45090 | Depths:3 | Paralysed by an air elemental for 1 turns
 45094 | Depths:3 | Killed Sojobo
 45280 | Depths:3 | Found a one-way gate to the infinite horrors of the Abyss.
 45293 | Depths:3 | Noticed a caustic shrike
 45304 | Depths:3 | Killed a caustic shrike
 45346 | Depths:3 | Reached XP level 23. HP: 187/188 MP: 42/42
 45407 | Depths:3 | Noticed Jory
 45417 | Depths:3 | Killed Jory
 45626 | Depths:3 | Learned a level 4 spell: Cause Fear
 45632 | Depths:3 | Learned a level 5 spell: Borgnjor's Vile Clutch
 45639 | Depths:3 | Learned a level 5 spell: Irradiate
 45646 | Depths:3 | Learned a level 6 spell: Starburst
 46039 | Depths:4 | Entered Level 4 of the Depths
 46268 | Depths:4 | Noticed a golden dragon
 46283 | Depths:4 | Killed a golden dragon
 46296 | Depths:4 | Noticed a golden dragon
 46853 | Elf:1    | Entered Level 1 of the Elven Halls
 48252 | Elf:1    | Got the Vellum of Lithomancy
 48319 | Elf:2    | Found Nuckaimn's Antique Armour Shop.
 48406 | Elf:2    | Identified the ring of the Sun {rElec rF+ rC+ Dex-2}
 48472 | Elf:2    | Reached skill level 20 in Fighting
 48519 | Elf:2    | Found a runed translucent gate.
 48520 | Elf:2    | Found a runed translucent gate.
 48520 | Elf:2    | Found a runed translucent gate.
 48588 | Elf:2    | Found an ancient bone altar of Kikubaaqudgha.
 49388 | Elf:3    | Entered Level 3 of the Elven Halls
 49413 | Elf:3    | Found Ogol's Armour Shop.
 49517 | Elf:3    | Noticed Roxanne
 49520 | Elf:3    | Noticed Bai Suzhen
 49538 | Elf:3    | Killed Roxanne
 49539 | Elf:3    | Killed Bai Suzhen
 49600 | Elf:3    | Reached XP level 24. HP: 180/205 MP: 33/43
 50467 | Elf:3    | Identified the +7 sling of Defiance {elec, Str+2 Int+5}
 50480 | Elf:3    | Identified the ring "Juodaa" {rC+ Slay+4}
 50602 | Elf:3    | Identified the +3 falchion of Sudden Death {freeze, Will+}
 50606 | Elf:3    | Identified the +7 short sword "Lapnumm" {heavy, rC+ Int+3
                  | SInv}
 50858 | Elf:3    | Identified the +7 hand axe of the Lurker {pain, Str+4
                  | Stlth+}
 50922 | Elf:3    | Identified the staff of Success {rElec rN+ Air}
 50950 | Elf:3    | Identified the +3 short sword of Sequestration {holy, rElec
                  | rN+ Str+6}
 50955 | Elf:3    | Identified the ring "Gaapp" {Wiz Dex+3}
 50956 | Elf:3    | Identified the +4 chain mail "Etsirhe" {rElec Will- Dex+6}
 50958 | Elf:3    | Got the Grimoire of Peregrination
 50962 | Elf:3    | Identified the +6 plate armour "Railug" {Will+ Regen+
                  | Int+3}
 51225 | Elf:2    | Bought a runed scale mail for 238 gold pieces
 52273 | Crypt:1  | Entered Level 1 of the Crypt
 52457 | Crypt:1  | Identified the +10 long sword of the Enormous God {vamp,
                  | rCorr SInv}
 52637 | Crypt:1  | Found a runed translucent door.
 52639 | Crypt:1  | Noticed Xajier's ghost (adept GrFi)
 53395 | Crypt:2  | Found a magical portal.
 53404 | WizLab   | Entered The Roulette of Golubria
 53404 | WizLab   | Found a transporter.
 53409 | WizLab   | Found the +1 cloak of Starlight {*Dazzle EV+4 Stlth--}
 53409 | WizLab   | Found the +2 cloak of the Thief {*Fog Slay-2 SInv Stlth+}
 53409 | WizLab   | Found a corrupted altar of Lugonu.
 53424 | WizLab   | Found a transporter.
 53443 | WizLab   | Found a transporter.
 53451 | WizLab   | Found a transporter.
 53512 | WizLab   | Found a transporter.
 53528 | WizLab   | Found a corrupted altar of Lugonu.
 53555 | WizLab   | Found a transporter.
 53613 | WizLab   | Found a transporter.
 53614 | WizLab   | Found a transporter.
 53673 | WizLab   | Found a transporter.
 53698 | WizLab   | Found a transporter.
 53775 | WizLab   | Found a transporter.
 53957 | WizLab   | Found a transporter.
 54050 | WizLab   | Found a transporter.
 54256 | WizLab   | Found a transporter.
 54280 | WizLab   | Found a transporter.
 54322 | WizLab   | Reached skill level 21 in Fighting
 54339 | WizLab   | Found a transporter.
 54339 | WizLab   | Found a transporter.
 54418 | WizLab   | Found a transporter.
 54418 | WizLab   | Found a transporter.
 54470 | WizLab   | Gained mutation: You are clumsy. (Dex -2) [a neqoxec]
 54504 | WizLab   | Found a transporter.
 54518 | WizLab   | Identified the +2 cloak of Ovuqad {Str+3 Dex+3}
 55771 | Vaults:5 | Entered Level 5 of the Vaults
 55804 | Vaults:5 | Reached XP level 25. HP: 162/214 MP: 2/44
 55805 | Vaults:5 | Noticed an ancient lich
 55811 | Vaults:5 | Killed an ancient lich
 55944 | Vaults:5 | Lost mutation: You are dopey. (Int -2) [potion of mutation]
 55944 | Vaults:5 | Lost mutation: You are clumsy. (Dex -2) [potion of
                  | mutation]
 55944 | Vaults:5 | Gained mutation: You are frail. (-10% HP) [potion of
                  | mutation]
 55944 | Vaults:5 | Gained mutation: You are dopey. (Int -2) [potion of
                  | mutation]
 55944 | Vaults:5 | Gained mutation: You have large cloven feet. [potion of
                  | mutation]
 55945 | Vaults:5 | Lost mutation: You are frail. (-10% HP) [potion of
                  | mutation]
 55945 | Vaults:5 | Lost mutation: You are dopey. (Int -2) [potion of mutation]
 55945 | Vaults:5 | Gained mutation: You have a pair of small antennae on your
                  | head. [potion of mutation]
 55945 | Vaults:5 | Gained mutation: You are weak. (Str -2) [potion of
                  | mutation]
 56031 | Vaults:5 | Reached skill level 15 in Translocations
 56039 | Vaults:5 | Identified the amulet "Neur" {Acrobat Rampage *Slow +Blink}
 56054 | Vaults:5 | Identified the +9 great sword "Faezxang" {drain, Str+5
                  | Int-5}
 56055 | Vaults:5 | Noticed an ancient lich
 56064 | Vaults:5 | Killed an ancient lich
 56352 | Vaults:5 | Reached skill level 22 in Fighting
 56811 | Vaults:5 | Got the Vellum of Ghoulish Thunder
 57058 | Vaults:5 | Identified the staff "Weun" {rC+ rN+ Str-3 Dex+3 Necro
                  | Fire}
 57060 | Vaults:5 | Identified the +0 hat "Zuishrups" {Fly Regen+ Str-3 Stlth+}
 57063 | Vaults:5 | Got a silver rune of Zot
 57068 | Vaults:5 | Got the Grimoire of Repulsive Striking
 57268 | Vaults:5 | Got the Lectures on the Electric Coward
 57327 | Vaults:5 | Found the +6 lightning scales {swift, rElec}
 57344 | Vaults:5 | Got Dumoul's Vellum of the Salamander
 58662 | Orc:1    | Bought a potion of mutation for 80 gold pieces
 58662 | Orc:1    | Bought a potion of resistance for 100 gold pieces
 58926 | Vaults:3 | Bought a potion of mutation for 128 gold pieces
 58926 | Vaults:3 | Bought a potion of curing for 48 gold pieces
 58926 | Vaults:3 | Bought 2 potions of might for 128 gold pieces
 58930 | Vaults:3 | Learned a level 3 spell: Vhi's Electric Charge
 58936 | Vaults:3 | Learned a level 5 spell: Metabolic Englaciation
 59833 | Orc:2    | Bought a scroll of amnesia for 60 gold pieces
 59833 | Orc:2    | Bought a scroll of enchant weapon for 112 gold pieces
 59842 | Orc:2    | Learned a level 6 spell: Death Channel
 60106 | Depths:1 | Lost mutation: You have large cloven feet. [potion of
                  | mutation]
 60106 | Depths:1 | Lost mutation: You are weak. (Str -2) [potion of mutation]
 60106 | Depths:1 | Lost mutation: You have a pair of small antennae on your
                  | head. [potion of mutation]
 60106 | Depths:1 | Gained mutation: Your magical capacity is low. (-10% MP)
                  | [potion of mutation]
 60106 | Depths:1 | Gained mutation: Your system is resistant to poisons.
                  | (rPois) [potion of mutation]
 60282 | Depths:4 | Found a gate to the Realm of Zot.
 60332 | Depths:4 | Noticed Boris
 60340 | Depths:4 | Killed Boris
 60426 | Depths:4 | Reached skill level 15 in Conjurations
 60426 | Depths:4 | Reached skill level 15 in Hexes
 60426 | Depths:4 | Reached skill level 15 in Summonings
 60426 | Depths:4 | Reached skill level 15 in Necromancy
 60426 | Depths:4 | Reached skill level 15 in Transmutations
 60426 | Depths:4 | Reached skill level 15 in Fire Magic
 60426 | Depths:4 | Reached skill level 15 in Ice Magic
 60426 | Depths:4 | Reached skill level 15 in Air Magic
 60426 | Depths:4 | Reached skill level 15 in Earth Magic
 60426 | Depths:4 | Reached skill level 15 in Poison Magic
 60426 | Depths:4 | Reached skill level 15 in Shapeshifting
 61338 | Zot:1    | Entered Level 1 of the Realm of Zot
 61432 | Zot:1    | Reached XP level 26. HP: 224/225 MP: 40/40
 61949 | Zot:2    | Noticed a Killer Klown
 61962 | Zot:2    | Killed a Killer Klown
 63086 | Zot:3    | Learned a level 3 spell: Ignite Poison
 64037 | Zot:4    | Reached skill level 23 in Fighting
 64237 | Zot:4    | Found a runed translucent door.
 64246 | Zot:4    | Noticed Beuseq's ghost (master GnFi)
 64492 | Zot:4    | Found a transporter.
 64697 | Zot:4    | Found a transporter.
 64740 | Zot:5    | Entered Level 5 of the Realm of Zot
 64772 | Zot:5    | Noticed a Killer Klown
 64777 | Zot:5    | Killed a Killer Klown
 64995 | Zot:5    | Reached XP level 27. HP: 209/227 MP: 40/40
 65757 | Zot:5    | Noticed a dread lich
 65765 | Zot:5    | Killed a dread lich
 65838 | Zot:5    | Noticed an ancient lich
 65879 | Zot:5    | Noticed a dread lich
 65889 | Zot:5    | Killed a dread lich
 66012 | Zot:5    | Noticed an orb of fire
 66021 | Zot:5    | Noticed an orb of fire
 66022 | Zot:5    | Gained mutation: You occasionally lose the ability to drink
                  | potions when taking damage. [an orb of fire]
 66024 | Zot:5    | Noticed an orb of fire
 66027 | Zot:5    | Gained mutation: You do not regenerate when monsters are
                  | visible. [an orb of fire]
 66028 | Zot:5    | Killed an orb of fire
 66030 | Zot:5    | Killed an orb of fire
 66035 | Zot:5    | Gained mutation: Armour fits poorly on your strangely
                  | shaped body. [an orb of fire]
 66036 | Zot:5    | Killed an orb of fire
 66046 | Zot:5    | Lost mutation: You do not regenerate when monsters are
                  | visible. [potion of mutation]
 66046 | Zot:5    | Lost mutation: You occasionally lose the ability to drink
                  | potions when taking damage. [potion of mutation]
 66181 | Zot:5    | Noticed an orb of fire
 66183 | Zot:5    | Gained mutation: You occasionally lose the ability to read
                  | scrolls when taking damage. [an orb of fire]
 66187 | Zot:5    | Noticed an orb of fire
 66192 | Zot:5    | Killed an orb of fire
 66192 | Zot:5    | Gained mutation: Your magical capacity is very low. (-20%
                  | MP) [an orb of fire]
 66195 | Zot:5    | Gained mutation: Your magical capacity is extremely low.
                  | (-30% MP) [an orb of fire]
 66196 | Zot:5    | Killed an orb of fire
 66197 | Zot:5    | Lost mutation: Your system is resistant to poisons. (rPois)
                  | [potion of mutation]
 66197 | Zot:5    | Lost mutation: You occasionally lose the ability to read
                  | scrolls when taking damage. [potion of mutation]
 66197 | Zot:5    | Gained mutation: You are frail. (-10% HP) [potion of
                  | mutation]
 66197 | Zot:5    | Gained mutation: You have sharp toenails. [potion of
                  | mutation]
 66197 | Zot:5    | Gained mutation: Your mind is acute. (Int +4, Str/Dex -1)
                  | [potion of mutation]
 66202 | Zot:5    | Noticed a dread lich
 66208 | Zot:5    | Killed a dread lich
 66243 | Zot:5    | Noticed an orb of fire
 66251 | Zot:5    | Noticed an orb of fire
 66260 | Zot:5    | Gained mutation: You occasionally lose the ability to read
                  | scrolls when taking damage. [an orb of fire]
 66261 | Zot:5    | Killed an orb of fire
 66303 | Zot:5    | Noticed an ancient lich
 66308 | Zot:5    | Killed an ancient lich
 66383 | Zot:5    | Lost mutation: You are frail. (-10% HP) [potion of
                  | mutation]
 66383 | Zot:5    | Lost mutation: Your mind is acute. (Int +4, Str/Dex -1)
                  | [potion of mutation]
 66383 | Zot:5    | Gained mutation: You are resistant to electric shocks.
                  | (rElec) [potion of mutation]
 66383 | Zot:5    | Gained mutation: You are partially covered in iridescent
                  | scales. (AC +2) [potion of mutation]
 66383 | Zot:5    | Gained mutation: You have sharp fingernails. [potion of
                  | mutation]
 66383 | Zot:5    | Gained mutation: You are robust. (+10% HP) [potion of
                  | mutation]
 66547 | Zot:5    | Reached skill level 24 in Fighting
 66553 | Zot:5    | Noticed an orb of fire
 66557 | Zot:5    | Killed an orb of fire
 66558 | Zot:5    | Gained mutation: You occasionally shout uncontrollably at
                  | your foes. [an orb of fire]
 66560 | Zot:5    | Killed an orb of fire
 66562 | Zot:5    | Lost mutation: Armour fits poorly on your strangely shaped
                  | body. [potion of mutation]
 66562 | Zot:5    | Lost mutation: You have sharp fingernails. [potion of
                  | mutation]
 66562 | Zot:5    | Gained mutation: You are clumsy. (Dex -2) [potion of
                  | mutation]
 66562 | Zot:5    | Lost mutation: You have sharp toenails. [potion of
                  | mutation]
 66562 | Zot:5    | Gained mutation: A frigid envelope surrounds you and
                  | freezes all who hurt you. [potion of mutation]
 66563 | Zot:5    | Lost mutation: You occasionally lose the ability to read
                  | scrolls when taking damage. [potion of mutation]
 66563 | Zot:5    | Lost mutation: You are resistant to electric shocks.
                  | (rElec) [potion of mutation]
 66563 | Zot:5    | Lost mutation: You are robust. (+10% HP) [potion of
                  | mutation]
 66563 | Zot:5    | Gained mutation: You are weak. (Str -2) [potion of
                  | mutation]
 66563 | Zot:5    | Gained mutation: You expend magic power (3 MP) to
                  | strengthen your wands. [potion of mutation]
 66689 | Zot:5    | Killed an ancient lich
 66820 | Zot:5    | Got the Orb of Zot
 66852 | Zot:5    | Noticed Rixiafih the pandemonium lord
 66854 | Zot:5    | Killed Rixiafih the pandemonium lord
 66931 | Zot:5    | Noticed Quhid the pandemonium lord
 67068 | Depths:1 | Gained mutation: You are very clumsy. (Dex -4) [a neqoxec]
 67189 | D:13     | Noticed Ykoebb the pandemonium lord
 67198 | D:13     | Killed Ykoebb the pandemonium lord
 67555 | D:$      | Escaped with the Orb!

Illustrated notes

Levels and vault maps discovered:
D:1:      ncdulo_wetmaze, layout_rooms, bh_walls_and_bars
D:2:      layout_basic, shapermc_ecumenical_altar_mp_ritualfount
D:3:      layout_basic, tgw_kikubaaqudgha, minivault_27
D:4:      layout_loops_cross, mainiacjoe_overflow_catch_the_wave,
          nicolae_figureground_pulse
D:5:      layout_cave_pools, nicolae_fountain_basement, uniq_eustachio
D:6:      layout_loops_ring, tgw_xom, minmay_temple_entry_wispy, serial_shops,
          nicolae_shop_crystal, kennysheep_mini_moat, kennysheep_little_box,
          minmay_fountain_box, minivault_26, minivault_10
D:7:      layout_loops_corners
D:8:      layout_cave_pools, lemuel_coloured_pillars_altar, serial_shops, shop,
          shop, nicolae_shop_self_help, uniq_grum
D:9:      minmay_skewed_foursquare, layout_loops_ring,
          grunt_temple_overflow_cloverleaf, enter_bailey_5, uniq_joseph
D:10:     layout_stronghold, nicolae_overflow_two_pavilions, tso_oasis_becter,
          david_lair_shrubbed, hive_lemuel
D:11:     layout_small_grid, kennysheep_okawaru_gauntlet, uniq_erica
D:12:     hangedman_cross_cluster, layout_basic, ebering_ghost_inner_flame
D:13:     orc_temple, layout_grid_maze, hellmonk_vaults_keyhole, uniq_josephine
D:14:     minmay_curly_fans, layout_cave_pools, zin_academy
D:15:     grunt_enter_depths_snipers, layout_loops_ring, pond, uniq_louise
Temple:   chequers_temple_sunken
Lair:1:   layout_chaotic_city, basic_altar, uniq_fannar
Lair:2:   layout_loops_ring, alex1729_swamp_entry_worm_eleionoma,
          spider_nest_entry_rubble, dreamdust_mushroom_princess,
          serial_bayou_pond_a, grunt_megastairs_1
Lair:3:   layout_misc_corridors, basic_altar, portal_ice_cave_entry_pillars_1,
          serial_bayou_crossing
Lair:4:   layout_regular_city, dpeg_slime_entry_enclosed
Lair:5:   cheibrodos_lair_end_hotspot, layout_gridlike, serial_bayou_shore_b,
          uniq_snorg
Swamp:1:  layout_basic_swamp, evilmike_swamp_ruin_house_6, swamp_pool2,
          nicolae_swamp_small_spring
Swamp:2:  layout_basic_swamp, evilmike_swamp_ruin_house_2, uniq_aizul,
          uniq_kirke
Swamp:3:  layout_basic_swamp, serial_swamp_ruin, evilmike_swamp_ruin_house_4,
          evilmike_swamp_ruin_house_3, evilmike_swamp_ruin_rubble_1
Swamp:4:  byrel_swamp_growth_death_and_undeath, layout_basic_swamp, swamp_pool2
Spider:1: layout_cave_pods, hangedman_spider_tarantella_strand
Spider:2: layout_spider_delve, uniq_mlioglotl, uniq_arachne
Spider:3: layout_spider_delve, hellmonk_watch_for_rolling_rocks
Spider:4: grunt_spider_rune_circles, nicolae_spider_world_wide_web
Orc:1:    layout_caves, serial_shops, nicolae_shop_hallway_plus, mines_bat_river
Orc:2:    st_orc_congregation, layout_diamond_mine, nicolae_orc_tapped_out
Elf:1:    layout_gridlike, minmay_elf_necromancy, hangedman_research_geology
Elf:2:    nicolae_elf_blades_crystal_corner, layout_onion_city, serial_shops,
          nicolae_diamond_shop, basic_altar
Elf:3:    minmay_elf_hall_curves, layout_gridlike, serial_shops,
          nicolae_shop_temple_entry_statues_fountains,
          nicolae_elf_archery_training, uniq_roxanne, uniq_bai_suzhen
Vaults:1: st_smaller_cells, v_misc_27, nicolae_vaults_big_ls,
          nicolae_vaults_house_1, v_misc_14,
          nicolae_vaults_taking_the_gang_shopping, ontoclasm_vaults_tryst,
          nicolae_vaults_cochlea, vaults_room_grunt_arrival_checkpoint,
          nicolae_vaults_tetromino_L_2, v_misc_9,
          nicolae_vaults_windows_and_doors_thing, layout_vaults_omnibox,
          serial_shops, shop
Vaults:2: v_misc_5, minmay_crypt_entry_necro_gods, v_misc_26,
          dpeg_vaults_monster_box, hangedman_vaults_snaps,
          nicolae_vaults_weapon_check, nicolae_vaults_little_squares_2,
          nicolae_vaults_more_shelving_1, vaults_room_semicircle,
          nicolae_vaults_storing_the_good_stuff, layout_vaults_quadrants,
          serial_shops, bzr_entry_islet
Vaults:3: gammafunk_ghost_smash, nicolae_vaults_closet_pinwheel_1,
          vaults_mumra_hex, ontoclasm_vaults_bender, vaults_mumra_chevron,
          hangedman_vaults_maws, v_misc_3, hangedman_vaults_trim,
          vaults_room_semicircle, nicolae_vaults_diagonal_hallway_6,
          nicolae_vaults_closet_pinwheel_6, nicolae_vaults_apartment_1,
          nicolae_vaults_apartment_2, layout_vaults_ring, serial_shops,
          nicolae_shop_advertising_works [nicolae_subvault_shop_adworks],
          uniq_mennas
Vaults:4: vaults_dpeg_encased_lava, vaults_dpeg_hooks, nicolae_vaults_tangram_2,
          vaults_room_ringed_pool, v_misc_23, v_pattern_2,
          nicolae_vaults_shelves_hall, nicolae_vaults_spaceships,
          nicolae_vaults_asterisk, v_misc_32, nicolae_vaults_network_star,
          nicolae_vaults_tetromino_L_2, nicolae_vaults_ring_of_whatevers,
          vaults_mumra_hexcomb, v_alt_pattern_6, ontoclasm_vaults_idyll,
          layout_vaults_maze_bifur, serial_shops, bzr_entry_dummy,
          uniq_frederick
Vaults:5: serial_shops
Crypt:1:  layout_regular_city, gammafunk_ghost_grave
Crypt:2:  layout_basic, mu_enter_wizlab_5
Depths:1: layout_basic, rand_demon_pan_entry_1, hell_entry,
          nicolae_dithmenos_shadow_blocks
Depths:2: kennysheep_four_of_diamonds, layout_gridlike, enter_ziggurat_d,
          serial_shops, bzr_entry_water, lemuel_round_altar,
          rand_demon_pan_entry_9, hell_entry, grunt_tough_drop, uniq_asterion
Depths:3: minmay_big_diamond_grid, layout_cross, abyss_entry_crystal,
          pf_hell_entry_tar_spiral, minmay_staircase_windowed_large, uniq_boris,
          uniq_sojobo, uniq_jory
Depths:4: grunt_x_marks_the_spot, layout_cave_shapes, serial_bayou,
          serial_bayou_lake_a, serial_bayou_pond_d, serial_bayou_ford_a,
          serial_bayou_shore_a, rand_demon_pan_entry_4,
          grunt_hell_entry_dis_old, abyss_entry
Zot:1:    layout_misc_corridors
Zot:2:    kennysheep_six_static_rooms, layout_cathedral_of_symmetry,
          zot_minivault_4
Zot:3:    layout_basic, st_single_dragon_hoard_4
Zot:4:    layout_onion_interference, ebering_ghost_reflecting_pool,
          nicolae_diode_stairs
Zot:5:    layout_misc_corridors, lemuel_flame_loot_1

Skill      XL: |  1  2  3  4  5  6  7  8  9 10 11 12 13 14 15 16 17 18 19 20 21 22 23 24 25 26 27 |
---------------+----------------------------------------------------------------------------------+-----
Invocations    | 1 2 3 4 5 6 7 8 9 10 11 12 13 14 15 16 17 18 19 20 | 20.5
Fighting       | 1 2 3 4 5 7 8 9 11 12 14 15 16 17 18 19 20 21 22 23 24 | 24.2
Short Blades   | 1 2 3 4 5 7 8 9 10 11 12 13 14 15 16 17 18 19 | 19.0
Axes           | 1 2 3 4 5 7 8 9 10 11 12 13 14 15 16 17 18 19 | 19.0
Maces & Flails | 1 2 3 4 5 7 8 9 10 11 12 13 14 15 16 17 18 19 | 19.0
Staves         | 1 2 3 4 5 7 8 9 10 11 12 13 14 15 16 17 18 19 | 19.0
Ranged Weapons | 1 2 3 4 5 7 8 9 10 11 12 13 14 15 16 17 18 19 20 21 23 | 23.0
Throwing       | 1 2 3 4 5 7 8 9 10 11 12 13 14 15 16 17 18 19 21 22 | 22.1
Dodging        | 1 2 3 4 5 7 8 9 10 11 12 13 14 15 16 17 18 19 | 19.0
Stealth        | 1 2 3 4 5 7 8 9 10 11 12 13 14 15 17 18 19 20 21 22 23 | 23.3
Unarmed Combat | 1 2 3 4 5 7 8 9 10 11 12 13 14 15 16 17 18 19 | 19.0
Spellcasting   | 1 2 3 4 5 7 8 9 10 11 12 13 14 15 16 17 18 19 | 19.0
Evocations     | 1 2 3 4 5 7 8 9 10 11 12 13 14 15 16 17 18 19 | 19.0
Conjurations   | 1 2 3 4 5 6 7 8 9 10 11 12 13 14 15 16 | 16.2
Hexes          | 1 2 3 4 5 6 7 8 9 10 11 12 13 14 15 16 | 16.2
Summonings     | 1 2 3 4 5 6 7 8 9 10 11 12 13 14 15 16 | 16.2
Necromancy     | 1 2 3 4 5 6 7 8 9 10 11 12 13 14 15 16 | 16.2
Translocations | 1 2 3 4 5 6 7 8 9 10 11 12 13 14 15 16 17 | 17.9
Transmutations | 1 2 3 4 5 6 7 8 9 10 11 12 13 14 15 16 | 16.2
Fire Magic     | 1 2 3 4 5 6 7 8 9 10 11 12 13 14 15 16 | 16.2
Ice Magic      | 1 2 3 4 5 6 7 8 9 10 11 12 13 14 15 16 | 16.2
Air Magic      | 1 2 3 4 5 6 7 8 9 10 11 12 13 14 15 16 | 16.2
Earth Magic    | 1 2 3 4 5 6 7 8 9 10 11 12 13 14 15 16 | 16.2
Poison Magic   | 1 2 3 4 5 6 7 8 9 10 11 12 13 14 15 16 | 16.2
Shapeshifting  | 1 2 3 4 5 6 7 8 9 10 11 12 13 14 15 16 | 16.2
Armour         | 3 4 5 6 7 8 9 10 11 12 13 14 15 16 17 18 19 | 19.1
Polearms       | 5 6 7 8 9 10 11 12 13 14 15 16 17 18 19 | 19.4
Long Blades    | 7 8 9 10 11 12 13 14 15 16 17 18 19 20 21 22 | 22.8
Shields        | 9 10 11 12 13 14 15 16 17 18 19 20 | 20.5

Action                     |  1- 3 |  4- 6 |  7- 9 | 10-12 | 13-15 | 16-18 | 19-21 | 22-24 | 25-27 || total
---------------------------+-------+-------+-------+-------+-------+-------+-------+-------+-------++-------
  Melee: Long sword        |    90 |    96 |   120 |       |       |       |       |       |       ||   306
         Bite              |     9 |    10 |    29 |    56 |   117 |   243 |   200 |   145 |   154 ||   963
         Trident           |       |       |    18 |    60 |   140 |   950 |    34 |       |       ||  1202
         Falchion          |       |       |    92 |    38 |       |       |       |       |       ||   130
         Unarmed           |       |       |    24 |       |       |       |       |       |       ||    24
         Hand axe          |       |       |     7 |       |       |       |       |       |       ||     7
         Scimitar          |       |       |       |   338 |   604 |   277 |   985 |   648 |    88 ||  2940
         Battleaxe         |       |       |       |       |    70 |       |       |       |       ||    70
         Punch             |       |       |       |       |     7 |       |       |       |       ||     7
         Double sword      |       |       |       |       |       |       |       |       |   604 ||   604
         Sling             |       |       |       |       |       |       |       |       |     4 ||     4
   Fire: Sling             |       |     2 |     2 |       |       |       |    31 |   778 |   252 ||  1065
         Orcbow            |       |       |       |       |   245 |       |       |       |       ||   245
  Throw: Stone             |       |     2 |       |       |       |       |       |       |       ||     2
         Boomerang         |       |     8 |    14 |    27 |    75 |   105 |    45 |    47 |       ||   321
         Dart              |       |       |    16 |    71 |    18 |       |       |       |       ||   105
         Throwing net      |       |       |       |       |     1 |       |       |       |       ||     1
         Javelin           |       |       |       |       |       |     1 |       |       |       ||     1
   Cast: Poisonous Vapours |       |       |    11 |     3 |     1 |    86 |     1 |     3 |       ||   105
         Mephitic Cloud    |       |       |     1 |     9 |     7 |    22 |    27 |       |       ||    66
         Olgreb's Toxic Ra |       |       |       |       |    28 |    99 |    50 |    14 |     5 ||   196
         Freezing Cloud    |       |       |       |       |     3 |    27 |     6 |    82 |    23 ||   141
         Inner Flame       |       |       |       |       |     1 |     1 |       |     1 |       ||     3
         Dispel Undead     |       |       |       |       |       |     2 |       |    36 |    19 ||    57
         Blink             |       |       |       |       |       |       |     1 |       |       ||     1
         Irradiate         |       |       |       |       |       |       |       |     3 |    13 ||    16
         Borgnjor's Vile C |       |       |       |       |       |       |       |    10 |     5 ||    15
         Starburst         |       |       |       |       |       |       |       |     2 |     3 ||     5
         Momentum Strike   |       |       |       |       |       |       |       |     1 |       ||     1
         Death Channel     |       |       |       |       |       |       |       |       |     4 ||     4
         Ignite Poison     |       |       |       |       |       |       |       |       |     2 ||     2
         Metabolic Englaci |       |       |       |       |       |       |       |       |     2 ||     2
         Vhi's Electric Ch |       |       |       |       |       |       |       |       |    18 ||    18
 Invoke: Slouch            |       |       |       |       |     5 |     5 |     3 |     8 |     5 ||    26
  Evoke: Wand              |       |       |       |     1 |     3 |    19 |     1 |     9 |    10 ||    43
         Phantom mirror    |       |       |       |       |     2 |     4 |     2 |     1 |     2 ||    11
         Phial of floods   |       |       |       |       |     1 |     2 |     1 |       |       ||     4
         Lightning rod     |       |       |       |       |       |     2 |     1 |     9 |     4 ||    16
    Use: Scroll            |     5 |     6 |     6 |     8 |     8 |     7 |     1 |    16 |    20 ||    77
         Potion            |       |     1 |       |     1 |       |     1 |     8 |     4 |    22 ||    37
   Stab: Sleeping          |       |     1 |       |    10 |    20 |    14 |    37 |     9 |     8 ||    99
         Confused          |       |       |       |     9 |     7 |    39 |    42 |       |       ||    97
         Held in net/web   |       |       |       |     2 |     4 |       |       |       |       ||     6
         Distracted        |       |       |       |     1 |     5 |     7 |     2 |     6 |     6 ||    27
 Armour: Robe              |     1 |       |       |       |       |       |       |       |       ||     1
         Ring mail         |    28 |    24 |     7 |       |       |       |    11 |    48 |       ||   118
         Chain mail        |       |       |    45 |       |       |       |       |       |       ||    45
         Leather armour    |       |       |    11 |     7 |     6 |       |       |    10 |       ||    34
         Skin              |       |       |     3 |       |       |       |       |       |       ||     3
         Scale mail        |       |       |       |    67 |   112 |   260 |       |       |       ||   439
         Plate armour      |       |       |       |       |     4 |       |       |       |       ||     4
         Swamp dragon scal |       |       |       |       |       |    45 |   184 |       |       ||   229
         Pearl dragon scal |       |       |       |       |       |       |       |    30 |   160 ||   190
  Dodge: Dodged            |    28 |    50 |   215 |   319 |   707 |  1106 |   779 |   525 |   630 ||  4359
  Block: Buckler           |    19 |    26 |   109 |   163 |    44 |       |       |       |       ||   361
         Kite shield       |       |       |       |       |   438 |  1180 |   482 |       |       ||  2100
         Tower shield      |       |       |       |       |       |       |   724 |  1187 |  1442 ||  3353
         Reflection        |       |       |       |       |       |       |       |    95 |    22 ||   117
         Form:             |       |       |       |       |       |       |       |     1 |       ||     1
         Statue            |       |       |       |       |       |       |       |     1 |       ||     1

Table legend: (Time is in decaauts)
 A = Elapsed time spent in this place.
 B = Non-inter-level travel time spent in this place.
 C = Inter-level travel time spent in this place.
 D = Time resting spent in this place.
 E = Time spent auto-exploring this place.
 F = Levels seen in this place.
 G = Mean time per level.
                   A        B        C        D        E       F      G
               +--------+--------+--------+--------+--------+-----+--------+
         Total | 106861 |  83989 |  22872 |   4081 |  55541 |  56 | 1908.2 |
       Dungeon |  28653 |  19183 |   9470 |   1127 |  12822 |  15 | 1910.2 |
        Temple |     61 |      3 |     58 |      0 |      0 |   1 |   61.0 |
          Lair |   9822 |   7834 |   1988 |      0 |   5892 |   5 | 1964.4 |
         Swamp |   5563 |   5266 |    297 |    430 |   3448 |   4 | 1390.8 |
   Spider Nest |   8647 |   7804 |    843 |    434 |   5602 |   4 | 2161.8 |
  Orcish Mines |   4849 |   2509 |   2340 |    253 |   1255 |   2 | 2424.5 |
   Elven Halls |   7137 |   5820 |   1317 |    394 |   4154 |   3 | 2379.0 |
        Vaults |  15573 |  11010 |   4563 |    120 |   7454 |   5 | 3114.6 |
         Crypt |   3397 |   3208 |    189 |     68 |   2111 |   2 | 1698.5 |
        Depths |   9350 |   7964 |   1386 |    126 |   5547 |   4 | 2337.5 |
           Zot |   9164 |   8747 |    417 |    710 |   5832 |   5 | 1832.8 |
        Bazaar |    764 |    764 |      0 |      0 |    314 |   3 |  254.7 |
        Bailey |    556 |    556 |      0 |     34 |    135 |   1 |  556.0 |
      Ice Cave |    955 |    955 |      0 |    383 |    120 |   1 |  955.0 |
        Wizlab |   2365 |   2365 |      0 |      0 |    853 |   1 | 2365.0 |
               +--------+--------+--------+--------+--------+-----+--------+

Top non-repeatable levels by time:
    D:13: 5037 daAuts
Vaults:1: 5027 daAuts
Vaults:2: 3381 daAuts
   Orc:2: 3280 daAuts
     D:9: 3237 daAuts
   Zot:5: 3141 daAuts
  Lair:5: 2948 daAuts
Vaults:5: 2820 daAuts
   Elf:3: 2815 daAuts
    D:12: 2778 daAuts
Depths:3: 2749 daAuts
Spider:4: 2616 daAuts
Spider:1: 2597 daAuts
   Elf:2: 2594 daAuts
    D:15: 2574 daAuts
